AoeStats
← 化劲省二

MegaRandom

504246634Analyzed
1v1 RM · 29d ago on Sep 4, 2026· 51m 51s· 2 players
Game mode
Random Map
Map size
Tiny (2 player)
Population
200
Speed
Normal
Resources
Standard
Victory
Conquest
Starting age
Dark Age
Ending age
Imperial Age
RankedLock teamsTeams togetherTeam positionsShared explorationLock speedFull tech treeHidden civsTurbo modeCheats
Victory
Defeat
🇨🇳 Chinese · China
1174
+15
🇷🇺 Ethiopians · Russia
1157
-15
haha
9:23 Loom
11:54 Feudal Age
14:21 Double-Bit Axe
17:05 Horse Collar
19:08 Fletching
21:23 Castle Age
20:27 Wheelbarrow
20:59 Gold Mining
22:27 Bodkin Arrow
21:59 Crossbowman
25:32 Demolition Ship
28:57 Town Watch
30:32 Stone Mining
32:43 Bow Saw
32:44 Heavy Plow
33:57 Padded Archer Armor
34:58 Thumb Ring
36:10 Leather Archer Armor
36:41 Ballistics
37:47 Hand Cart
38:17 Scale Barding Armor
37:54 Light Cavalry
43:52 Imperial Age
44:03 Squires
45:39 Chemistry
45:32 Conscription
45:24 Masonry
45:50 Chain Barding Armor
45:39 Husbandry
45:09 Arbalester
46:41 Gold Shaft Mining
47:27 Forging
47:21 Bracer
50:16 Guilds
化劲省二
2:20 Loom
14:01 Feudal Age
14:48 Double-Bit Axe
17:20 Wheelbarrow
16:45 Fishing Lines
20:27 Castle Age
19:37 Stone Mining
21:17 Bow Saw
21:12 Gillnets
21:37 Medium Warships
22:51 Town Watch
24:18 Horse Collar
25:21 Gold Mining
26:47 Clinker Construction
28:37 Stone Shaft Mining
33:06 Imperial Age
30:30 Fletching
30:55 Careening
31:20 Scale Mail Armor
31:20 Padded Archer Armor
32:04 Hand Cart
32:03 Thumb Ring
32:18 Bloodlines
32:25 Heavy Plow
33:19 Elite Skirmisher
33:59 Bodkin Arrow
34:20 Leather Archer Armor
34:16 Forging
34:41 Bracer
35:46 Chemistry
35:10 Dry Dock
35:19 Conscription
36:55 Two-Man Saw
36:00 Light Cavalry
37:12 Husbandry
37:59 Scale Barding Armor
39:14 Ring Archer Armor
39:47 Masonry
40:27 Chain Barding Armor
40:42 Iron Casting
40:20 Squires
39:41 Pikeman
40:07 Arson
40:57 Architecture
41:07 Ballistics
41:45 Chain Mail Armor
42:00 Town Patrol
42:54 Plate Barding Armor
44:06 Blast Furnace
43:30 Halberdier
44:55 Plate Mail Armor
50:00 Gold Shaft Mining
51:37 Capped Ram
Connection lost

Rejoining the realm…

Still unreachable

The connection could not be restored.

Session expired

The server has moved on; the page needs a fresh start.